 Dungeon Crawl Stone Soup version 0.22-a0-192-g6ffc940 (webtiles) character file.

2624237 Slobodan the Conqueror (level 27, 273/273 HPs)
             Began as a Merfolk Skald on Feb 15, 2018.
             Was the Champion of Ashenzari.
             Escaped with the Orb
             ... and 4 runes on Feb 21, 2018!
             The game lasted 13:48:24 (60125 turns).

Slobodan the Conqueror (Merfolk Skald)             Turns: 60125, Time: 13:48:25

Health: 273/273    AC: 43    Str: 20    XL:     27
Magic:  37/37      EV: 24    Int: 21    God:    Ashenzari [******]
Gold:   2724       SH:  0    Dex: 20    Spells: 8/46 levels left

rFire    + + .     SeeInvis +   k - +4 bardiche (flame) (curse)
rCold    + . .     Gourm    .   (shield currently unavailable)
rNeg     . . .     Faith    .   q - +10 plate armour {rF+} (curse)
rPois    +         Spirit   +   f - +2 hat (curse)
rElec    +         Reflect  .   s - +2 cloak (curse)
rCorr    .         Harm     .   C - +2 pair of gloves (curse)
MR       ++++.     Clarity  +   N - +0 pair of boots of Coik {Dex+3} (curse)
Stlth    ..........             l - amulet "Ryulad" {Spirit rPois Int+3} (curse)
HPRegen  0.55/turn              i - ring "Ezouf" {rElec rC+ Str+2 Slay+3 Stlth+} (curse)
MPRegen  0.25/turn              Y - ring "Puatab" {rF+ MR++ Str+3} (curse)

@: no status effects
A: change form in water, swift swim, stealthy swim, horns 1, mutation resistance
1, robust 1, shaggy fur 1, subdued magic 1
0: Orb of Zot
}: 4/15 runes: decaying, serpentine, silver, abyssal
a: Curse Item, Scrying, Transfer Knowledge, Renounce Religion


You escaped.
You worshipped Ashenzari.
Ashenzari was exalted by your worship.
You were not hungry.

You visited 11 branches of the dungeon, and saw 51 of its levels.
You visited the Abyss 1 time.
You visited 1 bazaar.
You also visited: Wizlab.

You collected 7051 gold pieces.
You spent 4327 gold pieces at shops.

Inventory:

Hand Weapons
 k - a cursed +4 bardiche of flaming (weapon)
Missiles
 Q - 4 throwing nets (quivered)
Armour
 f - a cursed +2 hat (worn)
 q - a cursed +10 plate armour of fire resistance (worn)
 s - a cursed +2 cloak (worn)
 C - a cursed +2 pair of gloves (worn)
 N - the cursed +0 pair of boots of Coik (worn) {Dex+3}
   (You found it on level 5 of the Vaults)

   It affects your dexterity (+3).
   It has a curse placed upon it.
Jewellery
 i - the cursed ring "Ezouf" (left hand) {rElec rC+ Str+2 Slay+3 Stlth+}
   (You bought it in a shop on level 4 of the Snake Pit)

   [ring of stealth]

   It affects your strength (+2).
   It affects your accuracy and damage with ranged weapons and melee attacks
   (+3).
   It protects you from cold.
   It insulates you from electricity.
   It makes you more stealthy.
   It has a curse placed upon it.
 l - the cursed amulet "Ryulad" (around neck) {Spirit rPois Int+3}
   (You bought it in a shop on level 4 of the Dungeon)

   [amulet of guardian spirit]

   It causes incoming damage to be split between your health and magic.
   It affects your intelligence (+3).
   It protects you from poison.
   It has a curse placed upon it.
 Y - the cursed ring "Puatab" (right hand) {rF+ MR++ Str+3}
   (You took it off an orc sorcerer on level 3 of the Elven Halls)

   [ring of strength]

   It affects your strength (+3).
   It protects you from fire.
   It affects your resistance to hostile enchantments.
   It has a curse placed upon it.
Wands
 b - a wand of flame (48)
 j - a wand of clouds (11)
 B - a wand of iceblast (19)
 T - a wand of digging (12)
 Z - a wand of acid (12)
Scrolls
 g - 3 scrolls of blinking
 h - 6 scrolls of magic mapping
 m - 20 scrolls of teleportation
 p - 5 scrolls of fog
 r - a scroll of summoning
 u - a scroll of remove curse
 F - 37 scrolls of identify
 P - 2 scrolls of fear
Potions
 a - 8 potions of flight
 c - 4 potions of mutation
 e - 21 potions of curing
 t - 2 potions of haste
 v - a potion of berserk rage
 w - 2 potions of resistance
 z - a potion of invisibility
 A - 7 potions of heal wounds
 E - 2 potions of might
 J - 3 potions of cancellation
 K - 7 potions of ambrosia
 O - 5 potions of brilliance
 W - a potion of agility
Books
 M - a book of the Sky

   Spells                             Type                      Level
   a - Summon Lightning Spire         Summoning/Air                4
   b - Silence                        Hexes/Air                    5
   c - Deflect Missiles               Charms/Air                   6
   d - Conjure Ball Lightning         Conjuration/Air              6
   e - Tornado                        Air                          9
Miscellaneous
 o - a fan of gales (inert)
 y - a box of beasts
 D - a lightning rod (4/4)
 H - a phial of floods
 I - a lamp of fire
 U - the horn of Geryon
 V - 2 phantom mirrors
Comestibles
 d - 54 rations


   Skills:
 O Level 27 Fighting
 - Level 22.6(27) Polearms
 - Level 6.1 Throwing
 + Level 18.6(23.4) Armour
 O Level 27 Dodging
 - Level 2.7 Stealth
 - Level 10.0 Spellcasting
 - Level 8.6(13.0) Hexes
 - Level 11.8(16.0) Charms
 - Level 8.7(13.1) Summonings
 - Level 2.5(6.1) Necromancy
 - Level 3.3(7.3) Translocations
 - Level 4.2(8.5) Air Magic
 - Level 16.1(20.0) Evocations


You had 8 spell levels left.
You knew the following spells:

 Your Spells              Type           Power        Failure   Level  Hunger
a - Infusion              Chrm           ####         1%          1    None
b - Shroud of Golubria    Chrm/Tloc      #####.....   1%          2    None
c - Regeneration          Chrm/Necr      #####.....   1%          3    None
d - Spectral Weapon       Hex/Chrm       ######..     1%          3    None
e - Summon Mana Viper     Hex/Summ       ######..     3%          5    ####...
f - Aura of Abjuration    Summ           ######....   3%          5    ####...
g - Blink                 Tloc           N/A          1%          2    None
h - Summon Butterflies    Summ           ######..     1%          1    None
i - Tukima's Dance        Hex            ######..     1%          3    None
j - Lesser Beckoning      Tloc           ####......   4%          3    None
l - Apportation           Tloc           ####..       1%          1    None
m - Swiftness             Chrm/Air       #####...     1%          2    None
n - Deflect Missiles      Chrm/Air       #####.....   30%         6    ######.
s - Animate Skeleton      Necr           N/A          2%          1    None


Dungeon Overview and Level Annotations

Branches:
Dungeon (15/15)            Temple (1/1) D:6            Lair (6/6) D:9
  Swamp (4/4) Lair:2        Snake (4/4) Lair:2        Slime (0/5) Lair:6
    Orc (2/2) D:9             Elf (3/3) Orc:2        Vaults (5/5) D:14
  Crypt (0/3) Vaults:3     Depths (5/5) D:15           Hell (1/1)
    Dis (0/7) Hell            Geh (0/7) Hell            Coc (0/7) Hell
    Tar (0/7) Hell            Zot (5/5) Depths:5

Altars:
Ashenzari
Cheibriados
Dithmenos
Elyvilon
Fedhas
Gozag
Hepliaklqana
Kikubaaqudgha
Makhleb
Nemelex Xobeh
Okawaru
Qazlal
Ru
Sif Muna
Trog
Uskayaw
Vehumet
Wu Jian
Xom
Yredelemnul
Zin
The Shining One
Jiyva

Shops:
D:4 =   Orc:2 *%!*   Elf:1 }==   Elf:2 :   Elf:3 :   Snake:1 *   Snake:4 =
Vaults:2 %   Vaults:3 *   Vaults:4 :   Depths:1 *=:(}   Depths:4 }

Portals:
Hell: Lair:6 Depths:1 Depths:2 Depths:3 Depths:4 Depths:5
Abyss: Depths:1 Depths:4
Pandemonium: Depths:1 Depths:2 Depths:3 Depths:4
Ziggurat: Depths:3

Annotations:
Elf:2 5 runed doors


Innate Abilities, Weirdness & Mutations

You revert to your normal form in water.
You are very nimble and swift while swimming.
You are very stealthy in the water. (Stealth+)
You have a pair of small horns on your head.
You are somewhat resistant to further mutation.
You are robust. (+10% HP)
You are covered in fur. (AC +1)
Your spells are a little easier to cast, but a little less powerful.


Message History

You are covered in liquid flames!
You are covered in liquid flames!
There is a stone staircase leading down here.
You are covered in liquid flames!
You are covered in liquid flames!
The smoke demon gestures at you. The ball of steam hits you! You resist.
An orange demon comes into view.
You are covered in liquid flames!
You are covered in liquid flames!
The smoke demon gestures at you. Something smites you!
There is an escape hatch in the ceiling here.
A mysterious force pulls you upwards. The hatch slams shut behind you.
Evoke which item? (* to show all) (? for menu, Esc to quit)
Aiming: Dig
Press: ? - help, Shift-Dir - straight line The rock shatters into small pieces.
There is a staircase leading out of the dungeon here.
You have escaped!

......#............##............
......#............##............
......#............########'###.(
......####.........# #.###..
......## #.........# #..##..
.......############# ####.##..
........# #........
........############ #........
................@..## #........
........#####.^.....# #........
........# #.......# ######..#
........# #.......# ##.#
#######.# #..≈≈≈..###########.#
#.# #.≈≈§≈≈.#.........#.# #.#
#.§≈?≈§.#.###.....#.. #.#
#.≈≈>≈≈.#.* #.....'.. #.#
#.§≈)≈≈.#. #.....##.


There were no monsters in sight!

Vanquished Creatures
  5 orbs of fire (Zot:5)
  Mara (Vaults:3)
  5 ancient liches
  3 juggernauts
  Vashnia (Snake:2)
  5 Killer Klowns
  Geryon (Hell)
  5 caustic shrikes (Depths:4)
  2 curse toes
  15 golden dragons
  A hellephant (Abyss:3)
  Jorgrun (Vaults:2)
  4 electric golems
  6 liches
  21 tentacled monstrosities
  22 Orb Guardians (Zot:5)
  4 quicksilver dragons
  3 deep elf blademasters (Elf:3)
  A deep elf master archer (Elf:3)
  6 titans
  Asterion (Elf:1)
  An Executioner (Abyss:3)
  Frances (D:14)
  3 sphinxes
  A thorn hunter (Swamp:3)
  An ancient champion (Vaults:2)
  Kirke (D:13)
  6 death cobs
  10 shadow dragons
  4 draconian monks
  Donald (Vaults:1)
  9 tengu reavers
  A revenant (Hell)
  6 nagarajas (Snake:4)
  10 fire giants
  21 storm dragons
  4 frost giants
  11 deep elf sorcerers
  6 draconian knights
  A balrug (Depths:1)
  2 ghost moths
  3 cacodemons (Abyss:3)
  15 vault wardens
  A frost giant (shapeshifter) (Vaults:5)
  3 draconian stormcallers
  10 draconian shifters
  4 draconian scorchers
  3 draconian annihilators
  A ghoul (Vaults:5)
  8 spriggan defenders
  5 deep elf elementalists
  4 reapers (Hell)
  9 ironheart preservers
  4 war gargoyles
  20 very ugly things
  Aizul (Vaults:4)
  13 stone giants
  An entropy weaver (Vaults:4)
  5 vampire knights
  5 deep elf demonologists
  8 green draconians
  A lorocyproca (Depths:3)
  Azrael (D:14)
  19 yellow draconians
  7 white draconians
  5 spark wasps
  7 deep elf annihilators
  15 black draconians
  22 purple draconians
  12 ettins
  8 red draconians
  9 statues (WizLab)
  6 deep elf death magi
  2 eidola (Vaults:3)
  A great orb of eyes (shapeshifter) (Elf:1)
  A merfolk impaler (Depths:4)
  A crystal guardian (Vaults:3)
  11 fire dragons
  13 ogre magi
  4 deep elf high priests (Elf:3)
  30 vault guards
  18 yaktaur captains
  24 naga warriors
  4 rakshasas
  3 great orbs of eyes
  11 ice dragons
  A hell beast (Lair:6)
  A monstrous demonspawn (Depths:2)
  6 spriggan air magi
  Erica (Lair:1)
  28 hydras
  10 centaur warriors
  9 shock serpents
  6 alligators
  2 ghost crabs (Swamp:3)
  11 deep troll shamans
  58 two-headed ogres
  A two-headed ogre (shapeshifter) (Depths:5)
  5 death knights
  17 anacondas
  18 dancing weapons
  2 vampire magi
  15 naga sharpshooters
  3 orc high priests (Orc:2)
  10 deep troll earth magi
  5 spriggan berserkers
  4 thrashing horrors
  3 soul eaters (Hell)
  27 hell knights
  5 sun demons
  4 tengu warriors
  15 deep elf knights
  Sonja (Lair:3)
  20 large abominations
  3 wretched stars
  6 iron trolls
  8 skeletal warriors
  6 flayed ghosts
  8 salamander mystics
  6 sixfirhies
  3 glowing orange brains
  6 swamp dragons
  A glowing orange brain (shapeshifter) (Vaults:1)
  An anaconda zombie (Hell)
  9 unseen horrors
  A shadow dragon zombie (Abyss:3)
  A torturous demonspawn (Depths:4)
  A wolf spider zombie (D:15)
  6 naga ritualists
  15 ironbrand convokers
  5 necromancers
  15 deep elf archers
  27 deep trolls
  5 shambling mangroves
  3 phantasmal warriors
  6 lindwurms
  22 orc knights
  Pikel (D:7)
  12 harpies
  A mana viper (shapeshifter) (Vaults:5)
  A shining eye (Abyss:3)
  54 deep elf magi
  6 wizards
  An orb spider (shapeshifter) (Depths:1)
  4 cyclopes
  A manticore (shapeshifter) (Depths:1)
  2 fauns (shapeshifter)
  3 manticores
  2 worldbinders
  A salamander (shapeshifter) (Depths:5)
  51 ugly things
  10 orc sorcerers
  16 mana vipers
  11 salamanders
  2 wolf spiders
  17 guardian serpents
  A rust devil (Depths:4)
  24 moths of wrath
  7 elephants
  A molten gargoyle (Hell)
  42 black mambas
  Maurice (D:8)
  A guardian serpent (shapeshifter) (Vaults:3)
  15 naga magi
  18 vault sentinels
  4 smoke demons
  An ice statue (Lair:4)
  2 orange demons
  4 gargoyles
  17 spiny frogs
  8 freezing wraiths
  56 yaktaurs
  2 komodo dragons (shapeshifter)
  2 kobold demonologists
  2 efreet
  3 komodo dragons
  4 tengu conjurers
  2 rime drakes
  13 ice devils
  3 ancient zymes
  4 hellwings
  2 demonic crawlers
  2 red devils
  A jumping spider (Vaults:4)
  A hydra zombie (Hell)
  5 polar bears
  A tormentor (Depths:4)
  A troll (shapeshifter) (Vaults:3)
  22 hornets
  A meliai (shapeshifter) (Depths:2)
  15 trolls
  A jumping spider (shapeshifter) (Vaults:1)
  A wind drake (shapeshifter) (Vaults:3)
  10 hippogriffs
  50 slime creatures
  10 raiju
  7 tyrant leeches
  11 bog bodies
  7 blink frogs (Lair:6)
  A frost giant simulacrum (Vaults:3)
  An alligator zombie (Hell)
  A hydra skeleton (Hell)
  A hippogriff (shapeshifter) (Vaults:5)
  6 dream sheep (Lair:6)
  A redback (Vaults:4)
  An ice dragon skeleton (Vaults:1)
  14 spriggans
  2 flying skulls (Abyss:3)
  A centaur simulacrum (D:15)
  18 small abominations
  15 starcursed masses
  A redback (shapeshifter) (Vaults:4)
  A tarantella (shapeshifter) (Vaults:1)
  A tarantella (Vaults:4)
  13 water elementals
  5 air elementals
  2 shadows
  A wyvern (Lair:6)
  A wyvern (shapeshifter) (Vaults:1)
  A vampire (D:11)
  2 ynoxinuls
  4 basilisks
  30 yaks
  2 fire bats (Abyss:1)
  6 wraiths
  A basilisk (shapeshifter) (Depths:2)
  11 fire elementals
  4 hogs (D:13)
  A fire dragon skeleton (Abyss:1)
  2 golden eyes (Abyss:3)
  22 vampire mosquitoes
  A hungry ghost (D:12)
  5 chaos spawn
  17 centaurs
  Menkaure (D:7)
  47 nagas
  20 swamp worms
  Edmund (D:4)
  25 insubstantial wisps
  7 wargs
  2 acid dragons (Vaults:2)
  2 soldier ants
  A soldier ant (shapeshifter) (Vaults:5)
  13 porcupines
  13 hell hounds
  13 water moccasins
  A water moccasin (shapeshifter) (Vaults:4)
  2 hydra simulacra (Hell)
  2 floating eyes
  A hornet zombie (D:15)
  2 slaves
  13 swamp drakes
  5 ice beasts
  A sky beast (shapeshifter) (Vaults:1)
  2 black bears
  4 sky beasts
  An eye of draining (shapeshifter) (Depths:2)
  28 ogres
  An alligator simulacrum (Hell)
  31 orc warriors
  A phantom (D:8)
  2 eyes of draining
  8 boggarts
  6 wolves (Lair:3)
  A human skeleton (Vaults:1)
  19 crocodiles
  A bullfrog (shapeshifter) (Vaults:3)
  A gnoll sergeant (D:9)
  A wyvern zombie (D:12)
  7 big kobolds
  3 earth elementals
  6 bullfrogs
  A wyvern skeleton (D:14)
  A hornet simulacrum (Vaults:1)
  2 scorpions
  12 wights
  An electric eel (Lair:2)
  An orc simulacrum (Vaults:1)
  2 howler monkeys (D:8)
  10 crimson imps
  2 centaur zombies
  3 quasits
  2 bullfrog zombies (D:12)
  3 hounds
  4 jellies
  3 bullfrog skeletons
  8 iguanas
  22 orc priests
  2 iron imps (Depths:3)
  30 orc wizards
  A hell rat (Hell)
  5 lightning spires (Zot:3)
  5 worker ants
  A hound zombie (D:6)
  A worker ant zombie (D:6)
  3 gnolls (D:9)
  14 adders
  2 shadow imps
  7 white imps
  An ufetubus (Abyss:3)
  3 oozes
  An adder skeleton (D:9)
  3 worms
  A ball lightning (Zot:3)
  2 dart slugs (D:2)
  4 leopard geckos
  87 orcs
  A ball python (Snake:3)
  11 giant cockroaches
  5 hobgoblins
  13 jackals
  20 kobolds
  7 quokkas
  6 bats
  5 frilled lizards
  3 goblins
  A jackal zombie (D:7)
  A leopard gecko skeleton (D:9)
  A quokka skeleton (D:9)
  A quokka zombie (D:6)
  10 rats
  A macabre mass (Abyss:3)
  A plant (Lair:4)
  2 spectral weapons (Abyss:3)
2434 creatures vanquished.

Vanquished Creatures (collateral kills)
  An ancient lich (Zot:5)
  A golden dragon (Depths:4)
  A lich (Vaults:3)
  2 tentacled monstrosities
  2 titans (Vaults:5)
  2 quicksilver dragons
  A sphinx (Depths:3)
  3 frost giants
  An iron dragon (Vaults:5)
  A draconian scorcher (Zot:2)
  An ironheart preserver (Vaults:4)
  2 stone giants
  A black draconian (Zot:3)
  A green draconian (Zot:2)
  A deep elf annihilator (Vaults:5)
  A red draconian (Zot:2)
  2 white draconians
  A deep elf death mage (Elf:1)
  2 ettins (Vaults:4)
  A yaktaur captain (Vaults:5)
  A great orb of eyes (Depths:1)
  2 vault guards
  A catoblepas (shapeshifter) (Vaults:5)
  2 naga warriors
  A spriggan air mage (Depths:5)
  An anaconda (Snake:4)
  2 two-headed ogres (Depths:4)
  A naga sharpshooter (Snake:3)
  2 hell knights (Depths:4)
  A shock serpent (Snake:4)
  A deep troll (Depths:1)
  A swamp dragon (Swamp:4)
  A deep elf archer (Elf:1)
  An orc knight (Vaults:5)
  A phantasmal warrior (Vaults:5)
  3 mana vipers
  An ugly thing (Depths:3)
  3 moths of wrath
  2 guardian serpents (Snake:4)
  2 naga magi
  An orange demon (Depths:2)
  A hellion (Depths:2)
  A freezing wraith (Vaults:3)
  3 ice devils
  4 yaktaurs
  A hydra zombie (Hell)
  A troll (Vaults:5)
  A hippogriff (D:5)
  4 water elementals
  A hog (shapeshifter) (Vaults:5)
  2 wargs (Vaults:5)
  A naga (Snake:3)
  A hell hound (Hell)
  3 orc warriors (Vaults:5)
  An ogre (Vaults:5)
  A crimson imp (D:5)
  An orc wizard (D:5)
  3 hell rats (Hell)
  An adder zombie (D:5)
  2 orcs (D:5)
  3 jackals (D:5)
  A plant (Depths:5)
96 creatures vanquished.

Vanquished Creatures (others)
  A deep elf sorcerer (Vaults:5)
  A ghost moth (Zot:4)
  A draconian shifter (Zot:3)
  3 shock serpents
  An anaconda (Snake:4)
  A spriggan druid (Swamp:4)
  A swamp dragon (Swamp:4)
  A deep elf mage (Elf:2)
  A lindwurm (Snake:4)
  A harpy skeleton (D:14)
  A spriggan (Swamp:2)
  An orc warrior (Orc:2)
  A slave (D:8)
  An ogre (Vaults:2)
  A hound skeleton (D:5)
  An ufetubus (Abyss:3)
  4 ball lightnings (Zot:3)
  A jackal (D:8)
  A quokka (D:15)
  A ball python (D:8)
  13 fungi
  4 plants
  128 spectral weapons
170 creatures vanquished.

Grand Total: 2700 creatures vanquished

Notes
Turn   | Place    | Note
-------+----------+-------------------------------------------
     0 | D:1      | Slobodan the Merfolk Skald began the quest for the Orb.
     0 | D:1      | Reached XP level 1. HP: 16/16 MP: 3/3
   135 | D:1      | Reached XP level 2. HP: 23/23 MP: 5/5
   524 | D:2      | Reached XP level 3. HP: 27/28 MP: 6/6
   887 | D:2      | Learned a level 2 spell: Shroud of Golubria
   901 | D:2      | Reached skill level 5 in Polearms
  1150 | D:2      | Reached XP level 4. HP: 35/35 MP: 2/7
  1354 | D:3      | Found a faded altar of an unknown god.
  1988 | D:4      | Reached XP level 5. HP: 15/42 MP: 3/8
  2182 | D:4      | Learned a level 3 spell: Regeneration
  2256 | D:4      | Noticed Edmund
  2395 | D:4      | Noticed an ogre
  2555 | D:4      | Found Rismopn's Jewellery Boutique.
  2560 | D:4      | Bought a +2 ring of evasion for 120 gold pieces
  3067 | D:5      | Entered Level 5 of the Dungeon
  3067 | D:5      | Noticed a hippogriff
  3150 | D:5      | Noticed a centaur
  3198 | D:5      | Reached XP level 6. HP: 46/48 MP: 4/9
  3205 | D:5      | Killed a centaur
  3327 | D:5      | Killed a hippogriff
  3327 | D:5      | Reached XP level 7. HP: 34/55 MP: 5/10
  3714 | D:6      | Found a staircase to the Ecumenical Temple.
  3725 | Temple   | Entered the Ecumenical Temple
  3827 | Temple   | Became a worshipper of Ashenzari the Shackled
  3974 | D:6      | Found an ancient bone altar of Kikubaaqudgha.
  3974 | D:6      | Found an opulent altar of Gozag.
  4294 | D:6      | Learned a level 3 spell: Spectral Weapon
  4544 | D:6      | Reached skill level 1 in Necromancy
  4544 | D:6      | Reached skill level 1 in Translocations
  4732 | D:6      | Found a bloodstained altar of Trog.
  4733 | D:6      | Found a white marble altar of Elyvilon.
  4845 | D:7      | Noticed Menkaure
  4849 | D:7      | Killed Menkaure
  4849 | D:7      | Reached skill level 5 in Fighting
  4849 | D:7      | Reached XP level 8. HP: 62/62 MP: 11/11
  4970 | D:6      | Reached skill level 5 in Charms
  5422 | D:7      | Reached * piety under Ashenzari
  5488 | D:7      | Reached skill level 10 in Polearms
  5488 | D:7      | Reached skill level 1 in Hexes
  5576 | D:7      | Found a burning altar of Makhleb.
  6210 | D:8      | Reached XP level 9. HP: 57/70 MP: 6/12
  6212 | D:8      | Noticed Maurice
  6214 | D:8      | Noticed a two-headed ogre
  6551 | D:8      | Identified the cursed +1 falchion "Ycezeuf" {slice, rF+ Str+6}
  6803 | D:8      | Noticed Pikel
  6901 | D:7      | Killed Pikel
  7216 | D:8      | Killed Maurice
  7216 | D:8      | Reached skill level 1 in Shields
  7235 | D:8      | Killed a two-headed ogre
  7235 | D:8      | Reached XP level 10. HP: 51/82 MP: 6/13
  7408 | D:9      | Found a staircase to the Orcish Mines.
  7653 | D:9      | Found a staircase to the Lair.
  7821 | D:9      | Reached ** piety under Ashenzari
  7940 | D:9      | Killed an unseen horror
  7940 | D:9      | Reached skill level 5 in Dodging
  8156 | D:9      | Found a radiant altar of Vehumet.
  8157 | D:9      | Found a burning altar of Makhleb.
  8270 | D:10     | Entered Level 10 of the Dungeon
  8628 | D:10     | Noticed a two-headed ogre
  8880 | Lair:1   | Entered Level 1 of the Lair of Beasts
  8969 | Lair:1   | Noticed a spiny frog
  8993 | Lair:1   | Killed a spiny frog
  9138 | Lair:1   | Noticed a black mamba
  9139 | Lair:1   | Reached skill level 10 in Fighting
  9151 | Lair:1   | Killed a black mamba
  9207 | Lair:1   | Noticed a black mamba
  9208 | Lair:1   | Noticed a six-headed hydra
  9267 | Lair:1   | Noticed Erica
  9277 | Lair:1   | Killed Erica
  9277 | Lair:1   | Reached XP level 11. HP: 74/92 MP: 10/14
  9588 | Lair:2   | Found a staircase to the Snake Pit.
  9605 | Lair:2   | Found a staircase to the Swamp.
  9657 | Lair:2   | Reached *** piety under Ashenzari
  9820 | Lair:2   | Reached skill level 10 in Dodging
 10416 | D:4      | Bought the amulet "Ryulad" {Spirit rPois Int+3} for 570 gold pieces
 10472 | D:4      | Killed Edmund
 10670 | Lair:3   | Noticed Sonja
 10675 | Lair:3   | Killed Sonja
 10675 | Lair:3   | Reached skill level 1 in Armour
 10695 | Lair:3   | Noticed a five-headed hydra
 10890 | Lair:3   | Reached skill level 1 in Evocations
 10987 | Lair:3   | Reached XP level 12. HP: 93/103 MP: 2/16
 11085 | Lair:3   | Killed a five-headed hydra
 11110 | Lair:3   | Reached **** piety under Ashenzari
 11193 | Lair:3   | Found a hazy altar of Hepliaklqana.
 11384 | Lair:4   | Noticed an eight-headed hydra
 11389 | Lair:4   | Killed an eight-headed hydra
 11671 | Lair:4   | Reached skill level 1 in Throwing
 12212 | Lair:5   | Noticed Snorg
 12271 | Lair:5   | Noticed a five-headed hydra
 12286 | Lair:5   | Killed a five-headed hydra
 12471 | Lair:5   | Noticed a seven-headed hydra
 12525 | Lair:5   | Reached ***** piety under Ashenzari
 12604 | Lair:5   | Noticed Snorg
 12604 | Lair:5   | Snorg changed into Snorg the polar bear
 12611 | Lair:5   | Killed Snorg the polar bear
 12910 | Lair:6   | Entered Level 6 of the Lair of Beasts
 12912 | Lair:6   | Reached XP level 13. HP: 102/112 MP: 13/17
 13381 | Lair:6   | Reached skill level 5 in Armour
 13548 | Lair:6   | Found a staircase to the Slime Pits.
 13548 | Lair:6   | Found a viscous altar of Jiyva.
 13941 | Lair:6   | Reached skill level 15 in Fighting
 14502 | Lair:6   | Found a burning altar of Makhleb.
 14699 | Lair:6   | Found a gateway to Hell.
 14942 | D:10     | Reached XP level 14. HP: 120/123 MP: 14/18
 15794 | D:12     | Reached skill level 15 in Dodging
 16188 | Orc:1    | Entered Level 1 of the Orcish Mines
 16657 | Orc:1    | Paralysed by an orc sorcerer for 3 turns
 16835 | Orc:2    | Entered Level 2 of the Orcish Mines
 17224 | Orc:2    | Found a staircase to the Elven Halls.
 17455 | Orc:2    | Found Osoybiets's Food Shoppe.
 17455 | Orc:2    | Found Teoffom's Assorted Antiques.
 17661 | Orc:2    | Reached skill level 5 in Evocations
 18005 | Orc:2    | Found Gyomol's Assorted Antiques.
 18007 | Orc:2    | Found Asapnira's Distillery.
 18016 | Orc:2    | Bought a potion of haste for 130 gold pieces
 18016 | Orc:2    | Bought a potion of lignification for 39 gold pieces
 18016 | Orc:2    | Bought a potion of agility for 52 gold pieces
 18016 | Orc:2    | Bought a potion of agility for 52 gold pieces
 18018 | Orc:2    | Bought a wand of enslavement (13) for 70 gold pieces
 18018 | Orc:2    | Bought a pearl ring for 175 gold pieces
 18018 | Orc:2    | Bought a scroll of magic mapping for 122 gold pieces
 18018 | Orc:2    | Bought a scroll labeled ZOTREL KILAIRO for 35 gold pieces
 18018 | Orc:2    | Bought a scroll of identify for 70 gold pieces
 18018 | Orc:2    | Bought a scroll of identify for 70 gold pieces
 18023 | Orc:2    | Bought a potion of cancellation for 104 gold pieces
 18023 | Orc:2    | Bought a potion of flight for 39 gold pieces
 18023 | Orc:2    | Upgraded the game from 0.22-a0-185-ge330310 to 0.22-a0-192-g6ffc940
 18585 | D:13     | Reached ****** piety under Ashenzari
 18917 | D:13     | Noticed Kirke
 18943 | D:13     | Killed Kirke
 18943 | D:13     | Reached skill level 1 in Stealth
 18943 | D:13     | Reached XP level 15. HP: 132/132 MP: 11/19
 19283 | D:14     | Noticed Frances
 19310 | D:14     | Killed Frances
 19444 | D:14     | Noticed Azrael
 19746 | D:14     | Found a shadowy altar of Dithmenos.
 20641 | D:14     | Found a gate to the Vaults.
 20710 | D:15     | Entered Level 15 of the Dungeon
 20719 | D:15     | Found a white marble altar of Elyvilon.
 20810 | D:15     | Reached skill level 5 in Shields
 21168 | D:15     | Reached skill level 15 in Polearms
 21424 | D:15     | Reached XP level 16. HP: 143/143 MP: 17/20
 21952 | D:15     | Found a staircase to the Depths.
 22014 | D:14     | Killed Azrael
 22187 | Swamp:1  | Entered Level 1 of the Swamp
 22545 | Swamp:1  | Reached skill level 5 in Hexes
 23716 | Swamp:3  | Reached skill level 5 in Throwing
 23881 | Swamp:3  | Noticed a thorn hunter
 23906 | Swamp:3  | Killed a thorn hunter
 24074 | Swamp:3  | Identified the cursed +0 robe of Modesty {Stlth+}
 24149 | Swamp:3  | Identified the +2 spear of the Crypt {elec, rN+ Dex+3}
 24272 | Swamp:3  | Reached XP level 17. HP: 111/149 MP: 11/21
 24535 | Swamp:4  | Entered Level 4 of the Swamp
 24933 | Swamp:4  | Got a decaying rune of Zot
 24979 | Swamp:4  | Reached skill level 10 in Charms
 25578 | Snake:1  | Entered Level 1 of the Snake Pit
 25972 | Snake:1  | Found Fyluil's Assorted Antiques.
 25993 | Snake:1  | Bought a scroll labeled VEUHUI CYINKUPH for 25 gold pieces
 27102 | D:4      | Bought an uncursed ring of protection from fire for 300 gold pieces
 27927 | Snake:2  | Reached XP level 18. HP: 158/158 MP: 19/22
 28171 | Snake:2  | Noticed Vashnia
 28232 | Snake:2  | Killed Vashnia
 28339 | Snake:2  | Reached skill level 5 in Stealth
 28741 | Snake:3  | Found a glowing silver altar of Zin.
 29311 | Snake:4  | Entered Level 4 of the Snake Pit
 29417 | Snake:4  | Found Veffa's Jewellery Emporium.
 29728 | Snake:4  | Found a glowing golden altar of the Shining One.
 30320 | Snake:4  | Reached XP level 19. HP: 167/167 MP: 19/23
 31137 | Snake:4  | Got a serpentine rune of Zot
 31322 | D:9      | Learned a level 5 spell: Summon Mana Viper
 31328 | D:9      | Learned a level 5 spell: Aura of Abjuration
 31412 | Elf:1    | Entered Level 1 of the Elven Halls
 31512 | Elf:1    | Reached skill level 1 in Summonings
 31566 | Elf:1    | Identified the Volume of Combat Magic
 31677 | Elf:1    | Noticed Asterion
 31698 | Elf:1    | Killed Asterion
 31698 | Elf:1    | Identified the +3 shield of Baldness {-Tele rPois rC+ Dex+2} (You took it off Asterion on level 1 of the Elven Halls)
 31935 | Elf:1    | Found Voujuk Koce's Gadget Boutique.
 31935 | Elf:1    | Found Zaolo's Jewellery Shoppe.
 31936 | Elf:1    | Found Votwagao's Jewellery Shoppe.
 32083 | Elf:1    | Identified the amulet "Piulla" {Inacc rF- rC+ rN+ Dex+6}
 32103 | Elf:1    | Identified the cursed +0 short sword "Udwipah" {pierce, rC- Dex+3}
 32516 | Elf:2    | Found Sopn's Book Emporium.
 32519 | Elf:2    | Bought a book of Minor Magic for 380 gold pieces
 32522 | Elf:2    | Learned a level 2 spell: Blink
 33003 | Elf:2    | Reached skill level 5 in Summonings
 33081 | Elf:2    | Found a huge runed gate.
 33081 | Elf:2    | Found a huge runed gate.
 33082 | Elf:2    | Found a huge runed gate.
 33083 | Elf:2    | Found a huge runed gate.
 33093 | Elf:2    | Found a huge runed gate.
 33366 | Vaults:1 | Entered Level 1 of the Vaults
 33398 | Vaults:1 | Noticed Donald
 33445 | Vaults:1 | Reached XP level 20. HP: 175/176 MP: 15/24
 33461 | Vaults:1 | Killed Donald
 35190 | Vaults:2 | Reached skill level 5 in Spellcasting
 35556 | Vaults:2 | Noticed Jorgrun
 35854 | Vaults:2 | Found Juc Rowo's Food Emporium.
 36118 | Vaults:2 | Killed Jorgrun
 36364 | Vaults:3 | Found a staircase to the Crypt.
 36367 | Vaults:3 | Reached XP level 21. HP: 184/184 MP: 23/28
 36864 | Vaults:3 | Noticed Mara
 36872 | Vaults:3 | Noticed Slobodan's illusion
 36889 | Vaults:3 | Killed Mara
 37884 | Vaults:3 | Found Zudita's Assorted Antiques.
 38106 | Vaults:3 | Gained mutation: You are partially covered in icy blue scales. (AC +2) [potion of mutation]
 38106 | Vaults:3 | Gained mutation: Armour fits poorly on your strangely shaped body. [potion of mutation]
 38106 | Vaults:3 | Gained mutation: You have a pair of small horns on your head. [potion of mutation]
 38107 | Vaults:3 | Lost mutation: Armour fits poorly on your strangely shaped body. [potion of mutation]
 38107 | Vaults:3 | Lost mutation: You have a pair of small horns on your head. [potion of mutation]
 38107 | Vaults:3 | Lost mutation: You are partially covered in icy blue scales. (AC +2) [potion of mutation]
 38107 | Vaults:3 | Gained mutation: You are robust. (+10% HP) [potion of mutation]
 38107 | Vaults:3 | Gained mutation: Armour fits poorly on your strangely shaped body. [potion of mutation]
 38107 | Vaults:3 | Gained mutation: Your flesh is heat resistant. (rF+) [potion of mutation]
 38254 | D:15     | Lost mutation: Armour fits poorly on your strangely shaped body. [potion of mutation]
 38254 | D:15     | Lost mutation: Your flesh is heat resistant. (rF+) [potion of mutation]
 38254 | D:15     | Gained mutation: Your movements are slightly less encumbered by armour. (ER -2) [potion of mutation]
 38254 | D:15     | Gained mutation: You have a pair of small horns on your head. [potion of mutation]
 38254 | D:15     | Gained mutation: Your spells are a little harder to cast, but a little more powerful. [potion of mutation]
 38670 | Vaults:4 | Reached XP level 22. HP: 83/213 MP: 1/29
 39037 | Vaults:4 | Found Vaamaur's Book Shoppe.
 39257 | Vaults:4 | Learned a level 1 spell: Summon Butterflies
 39261 | Vaults:4 | Learned a level 3 spell: Tukima's Dance
 39265 | Vaults:4 | Learned a level 3 spell: Lesser Beckoning
 39499 | Vaults:4 | Noticed Aizul
 39617 | Vaults:4 | Killed Aizul
 40067 | Snake:4  | Bought the ring "Ezouf" {rElec rC+ Str+2 Slay+3 Stlth+} for 995 gold pieces
 40332 | Elf:3    | Entered Level 3 of the Elven Halls
 40444 | Elf:3    | Found Howohoz's One-of-a-Kind Books.
 40456 | Elf:3    | Found a flickering gateway to a bazaar.
 40666 | Bazaar   | Entered a bazaar
 40676 | Bazaar   | Found Quys's Book Emporium.
 40676 | Bazaar   | Found Hicuk's Jewellery Shoppe.
 40698 | Bazaar   | Learned a level 1 spell: Animate Skeleton
 40700 | Bazaar   | Learned a level 1 spell: Apportation
 41148 | Elf:3    | Reached skill level 10 in Armour
 41256 | Elf:3    | Identified the ring "Puatab" {rF+ MR++ Str+3} (You took it off an orc sorcerer on level 3 of the Elven Halls)
 41256 | Elf:3    | Identified the +5 long sword "Tootwokh" {protect, rPois} (You took it off an orc sorcerer on level 3 of the Elven Halls)
 41301 | Elf:3    | Identified the cursed ring "Yptad" {rF+ rN++ Slay-3 Stlth+} (You took it off a deep elf annihilator on level 3 of the Elven Halls)
 41757 | Elf:3    | Identified the Catalogue of Congealing Contamination
 41782 | Elf:3    | Identified the +7 hand crossbow of Gravity {elec, SInv}
 42156 | Depths:1 | Entered Level 1 of the Depths
 42183 | Depths:1 | Found Sucoimao's Jewellery Emporium.
 42187 | Depths:1 | Found Bisoc's Weapon Emporium.
 42188 | Depths:1 | Found Oheelum's Assorted Antiques.
 42192 | Depths:1 | Found Fangih's Book Emporium.
 42199 | Depths:1 | Found a one-way gate to the infinite horrors of the Abyss.
 42256 | Depths:1 | Found a magical portal.
 42261 | WizLab   | Entered Iskenderun's Mystic Tower
 42288 | WizLab   | Reached XP level 23. HP: 210/224 MP: 22/30
 43110 | WizLab   | Identified the Guide on Companions
 43140 | WizLab   | Identified Iskenderun's Guide on Battle Magic
 43140 | WizLab   | Identified Iskenderun's Almanac of Confrontation
 43363 | Depths:1 | Found a shattered altar of Ashenzari.
 43481 | Depths:1 | Found Koahuir's Gadget Emporium.
 43546 | Depths:1 | Identified the ring of Foah {rElec rPois rF+ rC+ Dex+2}
 43674 | Depths:1 | Found a one-way gate leading to the halls of Pandemonium.
 44125 | Depths:2 | Identified the +1 helmet "Coj Soi" {rN+}
 44178 | Depths:2 | Noticed a caustic shrike
 44463 | Depths:2 | Identified the +7 mace of Honesty {venom, +Fly rElec rPois rC-}
 44463 | Depths:2 | Noticed a juggernaut
 44946 | Vaults:3 | Bought a scroll of remove curse for 138 gold pieces
 44946 | Vaults:3 | Bought a scroll of remove curse for 138 gold pieces
 45079 | Depths:1 | Bought a scroll of remove curse for 126 gold pieces
 45279 | Snake:1  | Bought a scroll of enchant armour for 187 gold pieces
 45441 | Orc:2    | Bought a potion of mutation for 104 gold pieces
 45861 | Depths:3 | Found a snail-covered altar of Cheibriados.
 45955 | Depths:3 | Noticed a juggernaut
 46031 | Depths:3 | Reached XP level 24. HP: 227/234 MP: 17/33
 46311 | Depths:3 | Found a gateway to a ziggurat.
 46700 | Depths:3 | Killed a juggernaut
 46827 | Depths:3 | Reached skill level 10 in Evocations
 47415 | Depths:4 | Found Cuontehi's Gadget Emporium.
 48074 | Depths:4 | Noticed a juggernaut
 48083 | Depths:4 | Killed a juggernaut
 48154 | Depths:4 | Noticed a caustic shrike
 48184 | Depths:4 | Killed a caustic shrike
 48257 | Depths:4 | Reached XP level 25. HP: 197/245 MP: 6/33
 48934 | Depths:4 | Noticed a juggernaut
 48942 | Depths:4 | Killed a juggernaut
 49082 | Depths:5 | Entered Level 5 of the Depths
 50158 | Depths:5 | Found a gate to the Realm of Zot.
 50424 | Vaults:5 | Entered Level 5 of the Vaults
 50477 | Vaults:4 | Reduced skill Shields to level 1
 50819 | Vaults:5 | Reached XP level 26. HP: 258/258 MP: 29/33
 50892 | Vaults:5 | Got a silver rune of Zot
 51323 | Vaults:5 | Identified the ring "Vojer" {rN+ Int+3 Slay+2}
 51323 | Vaults:5 | Noticed an ancient lich
 51335 | Vaults:5 | Killed an ancient lich
 51525 | Vaults:5 | Noticed an ancient lich
 51535 | Vaults:5 | Killed an ancient lich
 51554 | Vaults:5 | Identified the +4 plate armour of Resonance {-Cast -Tele Str+8 Int+5}
 51832 | Vaults:5 | Identified the +0 pair of boots of Coik {Dex+3}
 52033 | Vaults:5 | Learned a level 2 spell: Swiftness
 52282 | Vaults:5 | Identified the cursed +1 great sword of the Ship {slice, rF+ rC+ Int+7}
 52296 | Vaults:5 | Identified the cursed +1 great sword of Arbitration {drain, *Noise rElec rPois rN+ Int+2} (You took it off an orc warrior on level 5 of the Vaults)
 52323 | Vaults:5 | Found the +5 pair of quick blades "Gyre" and "Gimble" {pierce, Dex-3}
 52329 | Vaults:5 | Identified the ring of Yxket {rC+ rN+}
 52701 | Depths:1 | Voluntarily entered the Abyss.
 53037 | Abyss:1  | Lost mutation: Your spells are a little harder to cast, but a little more powerful. [a neqoxec]
 53132 | Abyss:1  | Reached XP level 27. HP: 271/271 MP: 31/33
 53134 | Abyss:1  | Found a hazy altar of Hepliaklqana.
 53342 | Abyss:3  | Identified the +2 quarterstaff of Uguyq {holy, rPois Str+8 Int-3 Dex+5}
 53565 | Abyss:3  | Gained mutation: You are somewhat resistant to further mutation. [a cacodemon]
 53735 | Abyss:3  | Gained mutation: Armour fits poorly on your strangely shaped body. [a shining eye]
 53736 | Abyss:3  | Gained mutation: You occasionally shout uncontrollably at your foes. [a shining eye]
 53743 | Abyss:3  | Got an abyssal rune of Zot
 53774 | Depths:1 | Escaped the Abyss
 53811 | D:15     | Lost mutation: You occasionally shout uncontrollably at your foes. [potion of mutation]
 53811 | D:15     | Lost mutation: Your movements are slightly less encumbered by armour. (ER -2) [potion of mutation]
 53811 | D:15     | Gained mutation: You are agile. (Dex +2) [potion of mutation]
 53812 | D:15     | Lost mutation: You are agile. (Dex +2) [potion of mutation]
 53812 | D:15     | Lost mutation: Armour fits poorly on your strangely shaped body. [potion of mutation]
 53812 | D:15     | Gained mutation: You are covered in fur. (AC +1) [potion of mutation]
 53869 | D:15     | Learned a level 6 spell: Deflect Missiles
 53965 | Zot:1    | Entered Level 1 of the Realm of Zot
 54047 | Zot:1    | Reduced skill Stealth to level 5
 54071 | Zot:1    | Reached skill level 1 in Air Magic
 54402 | Zot:1    | Reached skill level 27 in Fighting
 54412 | Zot:1    | Reached skill level 15 in Armour
 55863 | Zot:3    | Reached skill level 15 in Evocations
 57747 | Orc:2    | Bought a potion of curing for 39 gold pieces
 57747 | Orc:2    | Bought a potion of magic for 104 gold pieces
 57747 | Orc:2    | Bought a potion of curing for 39 gold pieces
 57747 | Orc:2    | Bought a potion of magic for 104 gold pieces
 58020 | Hell     | Entered the Vestibule of Hell
 58020 | Hell     | Noticed Geryon
 58055 | Hell     | Killed Geryon
 58151 | Hell     | Found a gateway to the freezing wastes of Cocytus.
 58267 | Hell     | Found a gateway to the Iron City of Dis.
 58359 | Hell     | Found a gateway to the decaying netherworld of Tartarus.
 58392 | Hell     | Found a gateway to the ashen valley of Gehenna.
 58603 | Zot:5    | Entered Level 5 of the Realm of Zot
 58778 | Zot:5    | Noticed an orb of fire
 58798 | Zot:5    | Reached skill level 10 in Spellcasting
 58943 | Zot:5    | Noticed an ancient lich
 58974 | Zot:5    | Killed an ancient lich
 59144 | Zot:5    | Noticed an ancient lich
 59155 | Zot:5    | Killed an ancient lich
 59230 | Zot:5    | Noticed an orb of fire
 59230 | Zot:5    | Noticed an ancient lich
 59276 | Zot:5    | Killed an ancient lich
 59277 | Zot:5    | Noticed an orb of fire
 59287 | Zot:5    | Gained mutation: Your spells are a little easier to cast, but a little less powerful. [an orb of fire]
 59292 | Zot:5    | Gained mutation: You are dopey. (Int -2) [an orb of fire]
 59310 | Zot:5    | Killed an orb of fire
 59310 | Zot:5    | Reached skill level 27 in Dodging
 59318 | Zot:5    | Killed an orb of fire
 59328 | Zot:5    | Killed an orb of fire
 59344 | Zot:5    | Noticed an ancient lich
 59349 | Zot:5    | Killed an ancient lich
 59380 | Zot:5    | Noticed an orb of fire
 59397 | Zot:5    | Killed an orb of fire
 59457 | Zot:5    | Noticed an orb of fire
 59466 | Zot:5    | Lost mutation: You are dopey. (Int -2) [an orb of fire]
 59467 | Zot:5    | Killed an orb of fire
 59476 | Zot:5    | Got the Orb of Zot
 59729 | Depths:4 | Noticed Jati the pandemonium lord
 59826 | D:14     | Noticed Banugiec the pandemonium lord
 60125 | D:$      | Escaped with the Orb!

Vault maps used:
D:1:      lemuel_arrival_lava_pool
D:2:      first_ration, kennysheep_generic_room_2
D:3:      chequers_ecumenical_altar_simple_redux
D:4:      serial_shops, shop, grunt_ministairs_6, kennysheep_generic_room_4,
          uniq_edmund
D:6:      grunt_temple_overflow_open,
          chequers_temple_overflow_statue_of_worship, minmay_temple_entry_grid
D:7:      bloody_makhleb, uniq_menkaure
D:8:      uniq_maurice, uniq_pikel
D:9:      grunt_temple_overflow_lords_of_destruction,
          grunt_lair_entry_orc_guard_hut, orc_0_dummy
D:13:     uniq_kirke
D:14:     hangedman_vaults_entry_quadrant_bands, grunt_dithmenos_smoke,
          uniq_frances, uniq_azrael
D:15:     grunt_enter_depths_magical_seal, kennysheep_pointless_box,
          elyvilon_altar_4
Temple:   nicolae_temple_elliptical
Lair:1:   columned_hall_lemuel, st_stairs_12, uniq_erica
Lair:2:   swamp_mist_pool, minmay_snake_entry_spellcaster
Lair:3:   special_room, basic_altar, uniq_sonja
Lair:4:   ice2_lemuel
Lair:5:   grunt_megastairs_2, uniq_snorg
Lair:6:   evil_forest, slime_altar_1, lemuel_fruit_tree, grunt_megastairs_3
Swamp:1:  evilmike_swamp_ruin_house_1, swamp_pool5
Swamp:2:  evilmike_swamp_ruin_wall, swamp_pool3
Swamp:3:  serial_swamp_ruin, evilmike_swamp_ruin_house_4,
          evilmike_swamp_ruin_house_2, evilmike_swamp_ruin_rubble_1,
          swamp_pool1, nicolae_swamp_trees_clearing, infiniplex_staircase_pool
Swamp:4:  swamp_alternative
Snake:1:  serial_shops, shop_statue
Snake:2:  abandoned_shop, st_stairs_4, serial_bayou_shore_b, uniq_vashnia
Snake:3:  basic_altar, hangedman_snake_corridor_cut
Snake:4:  snake_pit_salamanders_mu, basic_altar, minmay_shop_star
Orc:1:    nicolae_orc_bridge_out, abandoned_shop
Orc:2:    grunt_orc_tribal_feast
Elf:1:    minmay_elf_annihilation, minmay_shop_grove, uniq_asterion
Elf:2:    serial_shops, nicolae_shop_behind_doors
Elf:3:    minmay_elf_hall_furrowed, serial_shops, bzr_in_the_mist,
          nicolae_rare_books
Vaults:1: vaults_room_pool, v_rooms_6, grunt_vaults_twisty,
          ontoclasm_vaults_fault, v_pattern_1,
          nicolae_vaults_diagonal_hallway_8, vaults_room_grunt_arrival_ludios,
          nicolae_vaults_border_crossing, uniq_donald
Vaults:2: nicolae_vaults_inception_scallops, ontoclasm_vaults_loading_screen,
          v_alt_pattern_5, ontoclasm_vaults_tryst, v_rooms_4,
          hangedman_vaults_restitches, grunt_vaults_trifunnel, v_pattern_2,
          v_misc_29, nicolae_vaults_little_squares_4, v_alt_pattern_1,
          vaults_dpeg_ring, serial_shops, shop, uniq_jorgrun
Vaults:3: vaults_room_large_hall, v_misc_30, nicolae_vaults_network_s,
          v_misc_28, ontoclasm_vaults_decontamination, v_misc_10,
          minmay_crypt_entry_simple_sparse, nicolae_vaults_network_periphery,
          ontoclasm_vaults_gateway, nicolae_vaults_little_squares_6,
          vaults_room_hallway, vaults_room_corners, vaults_room_guarded_vault,
          ontoclasm_vaults_misaligned, serial_shops, shop_fountains,
          serial_glass, uniq_mara
Vaults:4: vaults_mumra_hex, v_misc_2, v_misc_33, v_misc_9,
          hangedman_vaults_impose, v_misc_18, vaults_room_pool, v_misc_26,
          vaults_room_grid, nicolae_vaults_shelves_hall, v_misc_15,
          nicolae_vaults_specimen_jars, serial_shops, nicolae_shop_crystal,
          uniq_aizul
Depths:1: lightli_too_deep, infiniplex_enter_wizlab_spiral, abyss_entry,
          pan_entry, serial_shops, shop, old_standard_altar,
          hangedman_decor_riveting, serial_sigils_hangedman_shear,
          minmay_shop_grid_forest, lightli_fourway_metalbox
Depths:2: cell_vault, hell_entry, rand_demon_pan_entry_7
Depths:3: minmay_isolated_rectangles_in_corner, enter_ziggurat_f, hell_entry,
          grunt_pan_entry_spiral, cheibriados_altar_1,
          infiniplex_staircase_star, grunt_megastairs_5
Depths:4: grunt_twisty_corner, rand_demon_pan_entry_8,
          abyss_entry_small_statue_room, serial_shops, shop_statue,
          grunt_hell_entry_dis_old, minmay_misc_feat_rugged,
          minmay_staircase_statues
Depths:5: grunt_zot_entry_alcove, hell_entry, minmay_misc_feat_four_crosses,
          serial_bayou_shore_a, serial_bayou_shore_b,
          roderic_lattice_octagonal_star
Zot:3:    infiniplex_zot_generator, hangedman_zot_diagonal_lockstep
Abyss:2:  minivault_11
Abyss:3:  hangedman_abyss_rune_flesh_and_stone, hangedman_steaming_rock
Bazaar:   bazaar_mystics
WizLab:   wizlab_iskenderun

Skill      XL: |  1  2  3  4  5  6  7  8  9 10 11 12 13 14 15 16 17 18 19 20 21 22 23 24 25 26 27 |
---------------+----------------------------------------------------------------------------------+-----
Polearms       | 4 5 6 7 8 9 10 12 13 15 16 18 19 20 22 | 22.6
Fighting       | 3 4 5 6 8 10 12 13 15 16 17 18 19 20 21 22 24 25 26 27 | 27.0
Dodging        | 3 4 8 10 12 14 16 17 19 20 21 22 23 27 | 27.0
Charms         | 4 5 6 7 9 10 11 | 11.8
Necromancy     | 1 2 |  2.5
Translocations | 1 2 3 |  3.3
Hexes          | 3 4 5 7 8 |  8.6
Shields        | 2 4 5 0 |  0.0
Armour         | 2 3 5 6 8 9 10 11 12 14 18 | 18.6
Spellcasting   | 3 5 7 10 | 10.0
Evocations     | 2 3 5 6 9 12 14 16 | 16.1
Throwing       | 2 4 5 6 |  6.1
Stealth        | 1 2 3 5 7 2 |  2.7
Summonings     | 5 7 8 |  8.7
Air Magic      | 4 |  4.2

Action                   |  1- 3 |  4- 6 |  7- 9 | 10-12 | 13-15 | 16-18 | 19-21 | 22-24 | 25-27 || total
-------------------------+-------+-------+-------+-------+-------+-------+-------+-------+-------++-------
Melee: Spear             |   116 |   215 |   518 |   690 |  1701 |  1272 |       |       |       ||  4512
       Tailslap          |       |       |       |     1 |       |    66 |     5 |     5 |    20 ||    97
       Demon trident     |       |       |       |       |       |   649 |  1766 |   221 |       ||  2636
       Headbutt          |       |       |       |       |       |       |    31 |   290 |   516 ||   837
       Bardiche          |       |       |       |       |       |       |       |  1064 |  2085 ||  3149
 Fire: Hunting sling     |    23 |    12 |       |       |       |       |       |       |       ||    35
Throw: Stone             |     8 |       |       |       |       |       |       |       |       ||     8
       Tomahawk          |       |       |     2 |    43 |     9 |    81 |    26 |       |       ||   161
       Javelin           |       |       |     2 |     1 |    65 |    48 |       |     9 |    20 ||   145
       Throwing net      |       |       |       |       |       |       |       |       |     2 ||     2
 Cast: Infusion          |     3 |    10 |    10 |       |       |       |       |       |       ||    23
       Shroud of Golubri |     1 |     9 |    31 |    67 |    83 |    60 |    57 |    54 |    54 ||   416
       Regeneration      |       |     2 |    10 |    12 |    21 |    36 |    19 |    31 |    56 ||   187
       Spectral Weapon   |       |       |    18 |    64 |   112 |   131 |   125 |   106 |   141 ||   697
       Aura of Abjuratio |       |       |       |       |       |       |     1 |     7 |     7 ||    15
       Summon Mana Viper |       |       |       |       |       |       |     1 |    11 |     7 ||    19
       Summon Butterflie |       |       |       |       |       |       |       |     3 |     6 ||     9
       Blink             |       |       |       |       |       |       |       |     1 |     4 ||     5
       Animate Skeleton  |       |       |       |       |       |       |       |    54 |   149 ||   203
       Apportation       |       |       |       |       |       |       |       |       |    19 ||    19
       Lesser Beckoning  |       |       |       |       |       |       |       |       |    11 ||    11
       Deflect Missiles  |       |       |       |       |       |       |       |       |     1 ||     1
Invok: Curse Item        |       |       |     3 |     1 |     5 |     3 |       |     4 |     4 ||    20
       Scrying           |       |       |       |       |     3 |     2 |     5 |     5 |     9 ||    24
       Transfer Knowledg |       |       |       |       |       |       |       |       |     2 ||     2
Evoke: Wand              |       |    13 |    23 |    57 |    19 |    70 |    27 |    21 |    68 ||   298
       Lightning rod     |       |       |       |     4 |     9 |     1 |     5 |       |       ||    19
       Lamp of fire      |       |       |       |     2 |     2 |     2 |     6 |     2 |     7 ||    21
       Phial of floods   |       |       |       |       |       |     1 |     7 |     3 |     7 ||    18
       Box of beasts     |       |       |       |       |       |       |     1 |     1 |       ||     2
       Fan of gales      |       |       |       |       |       |       |       |       |     1 ||     1
  Use: Scroll            |       |    10 |    11 |     9 |     5 |     6 |     2 |     6 |    21 ||    70
       Potion            |       |     2 |     1 |     2 |     6 |     3 |     5 |     2 |    22 ||    43
 Stab: Sleeping          |       |     1 |       |       |       |       |     7 |     7 |       ||    15
       Confused          |       |       |     1 |       |       |     1 |       |       |       ||     2
       Distracted        |       |       |     2 |     9 |    25 |    45 |    40 |    38 |    61 ||   220
       Paralysed         |       |       |       |    25 |    24 |     2 |     3 |       |       ||    54
       Invisible         |       |       |       |       |     9 |       |     3 |       |    10 ||    22
       Held in net/web   |       |       |       |       |       |       |       |       |     1 ||     1
  Eat: Chunk             |     1 |     8 |    12 |    27 |    40 |    33 |    24 |    22 |    26 ||   193
       Ration            |       |       |     3 |     1 |     2 |     6 |     5 |     8 |     7 ||    32
Armor: Leather armour    |    26 |    33 |    53 |    31 |       |       |       |       |       ||   143
       Robe              |       |    13 |    14 |       |       |       |       |       |       ||    27
       Scale mail        |       |       |       |    52 |   207 |   189 |   209 |   254 |   173 ||  1084
       Plate armour      |       |       |       |       |       |       |       |       |   515 ||   515
Dodge: Dodged            |    41 |   105 |   207 |   167 |   482 |   795 |   714 |   943 |  1687 ||  5141
       Deflected         |       |       |       |       |       |       |       |       |     6 ||     6
Block: Buckler           |       |       |     2 |    90 |   242 |   390 |   318 |    49 |       ||  1091

Table legend:
 A = Spawn XP
 B = Non-spawn XP
 C = Spawn XP percentage of total XP
 D = Spawn monster count
 E = Non-spawn monster count
 F = Spawn count percentage of total count
 G = Total turns spent on level
                    A         B        C        D         E        F      G
               +---------+---------+-------+---------+---------+-------+---------
         Total |   16243 | 1782302 |   0.9 |      33 |    2494 |   1.3 | 60125
               +---------+---------+-------+---------+---------+-------+---------
           D:1 |       0 |      28 |   0.0 |       0 |      19 |   0.0 |   515
           D:2 |       0 |      63 |   0.0 |       0 |      23 |   0.0 |   763
           D:3 |       0 |      70 |   0.0 |       0 |      19 |   0.0 |   829
           D:4 |       0 |     267 |   0.0 |       0 |       8 |   0.0 |  1368
           D:5 |       0 |     466 |   0.0 |       0 |      16 |   0.0 |   704
           D:6 |       0 |     634 |   0.0 |       0 |      20 |   0.0 |  1229
           D:7 |       0 |    1523 |   0.0 |       0 |      29 |   0.0 |  1599
           D:8 |       0 |    1957 |   0.0 |       0 |      19 |   0.0 |   969
           D:9 |       0 |    1837 |   0.0 |       0 |      29 |   0.0 |  1368
          D:10 |       0 |    2248 |   0.0 |       0 |      12 |   0.0 |   787
          D:11 |       0 |    5330 |   0.0 |       0 |      25 |   0.0 |   535
          D:12 |       0 |    1548 |   0.0 |       0 |      28 |   0.0 |   902
          D:13 |       0 |   12748 |   0.0 |       0 |      37 |   0.0 |  1393
          D:14 |       0 |   22993 |   0.0 |       0 |      71 |   0.0 |  2044
          D:15 |       0 |   28162 |   0.0 |       0 |      59 |   0.0 |  1785
        Lair:1 |       0 |    3108 |   0.0 |       0 |      10 |   0.0 |   815
        Lair:2 |       0 |    4140 |   0.0 |       0 |      21 |   0.0 |   866
        Lair:3 |       0 |    6266 |   0.0 |       0 |      27 |   0.0 |   666
        Lair:4 |       0 |    5604 |   0.0 |       0 |      26 |   0.0 |   940
        Lair:5 |       0 |   10682 |   0.0 |       0 |      30 |   0.0 |  1023
        Lair:6 |       0 |   15921 |   0.0 |       0 |      49 |   0.0 |  1476
       Swamp:1 |       0 |   13869 |   0.0 |       0 |      33 |   0.0 |   799
       Swamp:2 |       0 |   12738 |   0.0 |       0 |      43 |   0.0 |   596
       Swamp:3 |       0 |   21631 |   0.0 |       0 |      53 |   0.0 |  1026
       Swamp:4 |       0 |   20686 |   0.0 |       0 |      49 |   0.0 |   938
       Snake:1 |       0 |   20921 |   0.0 |       0 |      38 |   0.0 |  1325
       Snake:2 |       0 |   29518 |   0.0 |       0 |      46 |   0.0 |  1311
       Snake:3 |       0 |   23512 |   0.0 |       0 |      52 |   0.0 |  1011
       Snake:4 |       0 |   65516 |   0.0 |       0 |     106 |   0.0 |  1995
         Orc:1 |       0 |    4189 |   0.0 |       0 |      44 |   0.0 |   800
         Orc:2 |       0 |   10162 |   0.0 |       0 |      61 |   0.0 |  1612
         Elf:1 |       0 |   23103 |   0.0 |       0 |      34 |   0.0 |  1049
         Elf:2 |       0 |   25947 |   0.0 |       0 |      40 |   0.0 |   870
         Elf:3 |       0 |   59333 |   0.0 |       0 |      50 |   0.0 |  1487
      Vaults:1 |       0 |   52845 |   0.0 |       0 |      90 |   0.0 |  1513
      Vaults:2 |       0 |   49786 |   0.0 |       0 |      82 |   0.0 |  1861
      Vaults:3 |       0 |   76033 |   0.0 |       0 |     104 |   0.0 |  1892
      Vaults:4 |       0 |   92757 |   0.0 |       0 |     124 |   0.0 |  1931
      Vaults:5 |       0 |  146533 |   0.0 |       0 |     109 |   0.0 |  1728
      Depths:1 |       0 |   42611 |   0.0 |       0 |      56 |   0.0 |   986
      Depths:2 |       0 |   35527 |   0.0 |       0 |      42 |   0.0 |   983
      Depths:3 |       0 |   78816 |   0.0 |       0 |      82 |   0.0 |  1192
      Depths:4 |       0 |  150523 |   0.0 |       0 |     126 |   0.0 |  2264
      Depths:5 |       0 |   40136 |   0.0 |       0 |      41 |   0.0 |  1215
          Hell |       0 |   26345 |   0.0 |       0 |      51 |   0.0 |   430
         Zot:1 |       0 |   47120 |   0.0 |       0 |      30 |   0.0 |   632
         Zot:2 |       0 |   77778 |   0.0 |       0 |      54 |   0.0 |   797
         Zot:3 |       0 |   94838 |   0.0 |       0 |      63 |   0.0 |  1310
         Zot:4 |       0 |   69640 |   0.0 |       0 |      43 |   0.0 |   887
         Zot:5 |       0 |  178750 |   0.0 |       0 |      51 |   0.0 |   949
       Abyss:1 |    4051 |    4153 |  49.4 |      11 |      15 |  42.3 |   489
       Abyss:2 |    3426 |    2469 |  58.1 |       6 |       8 |  42.9 |   152
       Abyss:3 |    8766 |   27548 |  24.1 |      16 |      64 |  20.0 |   432
        WizLab |       0 |   31374 |   0.0 |       0 |      33 |   0.0 |   928
               +---------+---------+-------+---------+---------+-------+---------
